 Dungeon Crawl Stone Soup version 0.28.0 (webtiles) character file.

Game seed: 14343304167215605616

1 Prodoman the Magician (level 1, -2/13 HPs)
             Began as a Demonspawn Hedge Wizard on Feb 4, 2022.
             Slain by a jackal (3 damage)
             ... on level 1 of the Dungeon.
             The game lasted 00:00:24 (87 turns).

Prodoman the Magician (Demonspawn Hedge Wizard)       Turns: 87, Time: 00:00:25

Health: -2/13      AC:  2    Str: 10    XL:     1   Next: 16%
Magic:  1/4        EV: 12    Int: 15    God:
Gold:   0          SH:  0    Dex: 12    Spells: 5/6 levels left

rFire   . . .      SeeInvis .   a - +0 dagger
rCold   . . .      Faith    .   (no shield)
rNeg    . . .      Spirit   .   b - +0 robe
rPois   .          Reflect  .   c - +0 hat
rElec   .          Harm     .   (no cloak)
rCorr   .          Rampage  .   (no gloves)
Will    .....                   (no boots)
Stlth   ++........              (no amulet)
HPRegen 0.04/turn               (no ring)
MPRegen 0.09/turn               (no ring)

@: no status effects
A: no striking features
a: no special abilities


You were on level 1 of the Dungeon.
You visited 1 branch of the dungeon, and saw 1 of its levels.

Inventory:

Hand Weapons
 a - a +0 dagger (weapon)
Armour
 b - a +0 robe (worn)
 c - a +0 hat (worn)


   Skills:
 + Level 1.8 Dodging
 + Level 1.8 Stealth
 + Level 3.0 Spellcasting
 + Level 1.0 Conjurations
 + Level 1.0 Summonings
 + Level 0.9 Translocations


You had 5 spell levels left.
You knew the following spells:

 Your Spells              Type           Power      Damage    Failure   Level
a - Magic Dart            Conj           20%        1d4       13%         1

Your spell library contained the following spells:

 Spells                   Type           Power      Damage    Failure   Level
 Slow                     Hex            8%         N/A       21%         1
 Call Imp                 Summ           5%         N/A       21%         2
 Blink                    Tloc           8%         N/A       22%         2
 Conjure Flame            Conj/Fire      3%         6-21      43%         3
 Mephitic Cloud           Conj/Pois/Air  3%         N/A       45%         3


Dungeon Overview and Level Annotations

Branches:
Dungeon (1/15)

Altars:


Message History

You hit the jackal.
The jackal is moderately wounded.
The jackal barely misses you. x3
Hit: a) +0 dagger
Press: ? - help, Dir - move target, f/p - jackal
Aim: a jackal (moderately wounded, about 45% to evade your +0 dagger)
You closely miss the jackal.
The jackal is moderately wounded.
The jackal closely misses you. The jackal barely misses you. x5
Hit: a) +0 dagger
Press: ? - help, Dir - move target, f/p - jackal
Aim: a jackal (moderately wounded, about 45% to evade your +0 dagger)
You hit the jackal.
The jackal is almost dead.
The jackal bites you but does no damage.
The jackal closely misses you. The jackal bites you.
Hit: a) +0 dagger
Press: ? - help, Dir - move target, f/p - jackal
Aim: a jackal (almost dead, about 45% to evade your +0 dagger)
You closely miss the jackal.
The jackal is almost dead.
The jackal bites you. The jackal closely misses you.
The jackal completely misses you. The jackal bites you.
* * * LOW HITPOINT WARNING * * *
The jackal bites you but does no damage.
The jackal barely misses you.
Hit: a) +0 dagger
Press: ? - help, Dir - move target, f/p - jackal
Aim: a jackal (almost dead, about 45% to evade your +0 dagger)
You hit the jackal but do no damage.
The jackal is almost dead.
The jackal closely misses you.
The jackal bites you but does no damage. x2
Hit: a) +0 dagger
Press: ? - help, Dir - move target, f/p - jackal
Aim: a jackal (almost dead, about 45% to evade your +0 dagger)
You hit the jackal but do no damage.
The jackal is almost dead.
The jackal barely misses you. x2; The jackal bites you.
You die...

#.# #........ #.#
####.#####..
##.############....# ##
#..................#g. #
##.###+#######'###...#
#|#..#..⌠...>...⌠..#..##
#....#......<......#.#####
###..'⌠....###....⌠'.....#
#..#.....h@h.....#.###.#
#..#######h#######.#
#..#.....JJBJ....#
#..#......JrJ....#
##.#.............#
#.############### #..


You could see 5 endoplasms, 3 jackals, a giant cockroach and a rat.

Vanquished Creatures
  A giant cockroach (D:1)
1 creature vanquished.

Notes
Turn   | Place    | Note
-------+----------+-------------------------------------------
     0 | D:1      | Prodoman the Demonspawn Hedge Wizard began the quest for
                  | the Orb.
     0 | D:1      | Reached XP level 1. HP: 13/13 MP: 4/4
     1 | D:1      | Found a runed translucent door.
    87 | D:1      | Slain by a jackal

Illustrated notes

Levels and vault maps discovered:
D:1:      dpeg_arrival_caged_fury, layout_loops_ring,
          dreamdust_ecumenical_altar_grove

Action                   || total
-------------------------++-------
Melee: Dagger            ||    11
 Cast: Magic Dart        ||     4
Armor: Robe              ||    10
Dodge: Dodged            ||    27
